 Dungeon Crawl Stone Soup version 0.20-a0-424-g64c2abb (webtiles) character file.

86022 Firecrotchwizard the Warrior (level 15, -1/149 HPs)
             Began as a Minotaur Fighter on Dec 8, 2016.
             Was the Champion of Okawaru.
             Slain by a hell hound (8 damage)
             ... on level 6 of the Lair of Beasts on Dec 9, 2016.
             The game lasted 01:08:25 (21896 turns).

Firecrotchwizard the Warrior (Minotaur Fighter)    Turns: 21896, Time: 01:08:27

Health: -1/149     AC:  5    Str: 29    XL:     15   Next: 39%
Magic:  15/21      EV: 11    Int: 12    God:    Okawaru [******]
Gold:   1645       SH: 17    Dex: 11    Spells: 14/14 levels left

rFire  + + +     SeeInvis +     Z - +4 flail (crush)
rCold  . . .     Gourm    .     b - +6 chain mail of Impressiveness {rPois Int+5}
rNeg   . . .     Faith    .     c - +1 shield
rPois  +         Spirit   .     a - +0 hat of the Ten Friends {rElec rF++ Dex-2}
rElec  +         Reflect  .     Y - +1 cloak of the Curious Realms {rF+ MR+ Dex-2}
rCorr  .         Harm     .     N - +2 pair of gloves
MR     +++..     Rnd*Tele +     V - +0 pair of boots of a sewer {MR+ Str+4} (curse)
Stlth  ..........               E - amulet of regeneration
                                x - ring "Intoxuj" {*Tele rPois Str+3 SInv}
                                D - ring of poison resistance

@: lethally poisoned (-1 -> -2), heroism, finesse, corroded
A: retaliatory headbutt, horns 2, clever 1, high mp 1
a: Heroism, Finesse, Renounce Religion


You were on level 6 of the Lair of Beasts.
You worshipped Okawaru.
Okawaru was exalted by your worship.
You were not hungry.

You visited 4 branches of the dungeon, and saw 24 of its levels.

You collected 2454 gold pieces.
You spent 809 gold pieces at shops.

Inventory:

Hand Weapons
 O - the +6 dagger "Oroow" {pierce, *Corrode rElec Int+4 Dex+6}
   (You found it on level 7 of the Dungeon)

   It inflicts extra damage upon your enemies.
   It affects your intelligence (+4).
   It affects your dexterity (+6).
   It insulates you from electricity.
   It may corrode you when you take damage.
 Z - a +4 flail of crushing (weapon)
Missiles
 y - 6 silver javelins (quivered)
Armour
 a - the +0 hat of the Ten Friends (worn) {rElec rF++ Dex-2}
   (Okawaru gifted it to you on level 3 of the Lair of Beasts)

   It affects your dexterity (-2).
   It greatly protects you from fire.
   It insulates you from electricity.
 b - the +6 chain mail of Impressiveness (worn) {rPois Int+5}
   (You found it on level 1 of the Lair of Beasts)

   It affects your intelligence (+5).
   It protects you from poison.
 c - a +1 shield (worn)
 N - a +2 pair of gloves (worn)
 V - the cursed +0 pair of boots of a sewer (worn) {MR+ Str+4}
   (You bought it in a shop on level 2 of the Orcish Mines)

   It affects your strength (+4).
   It affects your resistance to hostile enchantments.
   It has a curse placed upon it.
 Y - the +1 cloak of the Curious Realms (worn) {rF+ MR+ Dex-2}
   (Okawaru gifted it to you on level 2 of the Orcish Mines)

   It affects your dexterity (-2).
   It protects you from fire.
   It affects your resistance to hostile enchantments.
Jewellery
 x - the ring "Intoxuj" (right hand) {*Tele rPois Str+3 SInv}
   (You bought it in a shop on level 2 of the Orcish Mines)

   [ring of teleportation]

   It may teleport you next to monsters.
   It affects your strength (+3).
   It protects you from poison.
   It lets you see invisible.
 D - a ring of poison resistance (left hand)
 E - an amulet of regeneration (around neck)
 H - an uncursed ring of flight
 L - an uncursed ring of protection from cold
 Q - a +1 ring of protection
 R - an uncursed ring of ice
 U - an uncursed ring of positive energy
Wands
 p - a wand of confusion (48/48)
 B - a wand of polymorph (13/24)
 M - a wand of hasting (3/9)
 S - a wand of lightning (4/15)
 T - a wand of iceblast (6/15)
Scrolls
 e - 12 scrolls of remove curse
 i - 4 scrolls of amnesia
 n - 4 scrolls of teleportation
 t - 5 scrolls of magic mapping
 w - 2 scrolls of identify
 A - 2 scrolls of random uselessness
 I - a scroll of enchant armour
Potions
 d - 2 potions of might
 g - a potion of beneficial mutation
 h - 2 potions of magic
 j - 2 potions of brilliance
 k - 2 potions of cancellation
 l - 7 potions of lignification
 o - 12 potions of curing
 r - a potion of mutation
 v - 4 potions of degeneration
 z - 4 potions of haste
 C - 3 potions of ambrosia
 F - 2 potions of berserk rage
 G - 2 potions of flight
 J - a potion of cure mutation {unknown}
 K - 2 potions of heal wounds
 P - 2 potions of agility
Books
 m - a book of Death

   Spells                             Type                      Level
   a - Corpse Rot                     Necromancy                   2
   b - Sublimation of Blood           Necromancy                   2
   c - Agony                          Necromancy                   5
   d - Dispel Undead                  Necromancy                   5
   e - Excruciating Wounds            Charms/Necromancy            5
   f - Bolt of Draining               Conjuration/Necromancy       5
 q - a book of Misfortune

   Spells                             Type                      Level
   a - Confusing Touch                Hexes                        1
   b - Confuse                        Hexes                        3
   c - Gell's Gravitas                Hexes/Translocation          3
   d - Petrify                        Transmutation/Earth          4
   e - Metabolic Englaciation         Hexes/Ice                    5
   f - Yara's Violent Unravelling     Hexes/Transmutation          5
 s - a book of Maledictions

   Spells                             Type                      Level
   a - Corona                         Hexes                        1
   b - Ensorcelled Hibernation        Hexes/Ice                    2
   c - Confuse                        Hexes                        3
   d - Tukima's Dance                 Hexes                        3
   e - Dazzling Spray                 Conjuration/Hexes            3
 X - a Young Poisoner's Handbook

   Spells                             Type                      Level
   a - Sting                          Conjuration/Poison           1
   b - Mephitic Cloud                 Conjuration/Poison/Air       3
   c - Olgreb's Toxic Radiance        Poison                       4
   d - Alistair's Intoxication        Transmutation/Poison         5
   e - Venom Bolt                     Conjuration/Poison           5
Comestibles
 f - 14 bread rations
 u - 12 meat rations
 W - 9 fruits


   Skills:
 * Level 17.8(22.8) Fighting
 * Level 17.6(22.6) Maces & Flails
 + Level 13.3(18.3) Armour
 + Level 13.3(18.3) Shields
 + Level 7.3 Invocations


You had 14 spell levels left.
You didn't know any spells.

Dungeon Overview and Level Annotations

Branches:
Dungeon (15/15)            Temple (1/1) D:5            Lair (6/6) D:11
 Shoals (0/4) Lair:3        Snake (0/4) Lair:3        Slime (0/5) Lair:5
    Orc (2/2) D:9             Elf (0/3) Orc:2        Vaults (0/5) D:14
 Depths (0/5) D:15

Altars:
Ashenzari
Cheibriados
Dithmenos
Elyvilon
Fedhas
Gozag
Hepliaklqana Ieoh Jian
Makhleb
Nemelex Xobeh
Okawaru
Qazlal
Ru
Sif Muna
Trog
Uskayaw
Vehumet
Yredelemnul
Zin
Beogh
Jiyva

Shops:
Orc:2 *[=(

Annotations:
D:6 exclusion: statue
Lair:2 exclusion: 2 oklob plants
Lair:5 1 runed door


Innate Abilities, Weirdness & Mutations

You reflexively headbutt those who attack you in melee.
You have a pair of horns on your head.
Your mind is acute. (Int +2)
You have an increased reservoir of magic. (+10% MP)


Message History

The black mamba misses you. You furiously retaliate!
You headbutt the black mamba, but do no damage.
The hell hound bites you!
* * * LOW HITPOINT WARNING * * *
You feel much better.
You feel sick. You block the wyvern's attack.
You block the black mamba's attack.
The hell hound bites you but does no damage.
The komodo dragon bites you!
* * * LOW HITPOINT WARNING * * *
The wyvern bites you!
* * * LOW HITPOINT WARNING * * *
You block the black mamba's attack.
You feel much better.
You feel sick. The hell hound bites you.
* * * LOW HITPOINT WARNING * * *
The black mamba bites you.
* * * LOW HITPOINT WARNING * * *
The wyvern bites you!
* * * LOW HITPOINT WARNING * * *
You block the komodo dragon's attack. The hell hound bites you!
You die...

# ##... ≈...## ## #....#S....## ≈
.# #.....#.....#≈≈ ....# .#
#....#.......≈ ....# .## ##.###
#.......... #...#
..###....###....l9.. #...#
..........# #..lSl# ### #....
..........# #..h@# ###.### #...#
..........###...## ##.....###....
...........###..####.............
............##..##......(........
............##..##....†..........
......................†..........
.................................
....................PP..###..h..#
###....#......#......PP.# #.....#


You could see a komodo dragon, a black mamba, a basilisk, a molten gargoyle, a
hell hound, a wyvern and a lava snake.

Vanquished Creatures
  Agnes (D:14)
  Donald (Orc:2)
  The ghost of cerealjynx the Fencer, a journeyman MiGl of Makhleb (Orc:2)
  A stone giant (Orc:2)
  An entropy weaver (Lair:6)
  The ghost of dracos369 the Fighter, a journeyman DrGl of Ieoh Jian (Lair:6)
  3 ettins (Orc:2)
  A yaktaur captain (D:14)
  2 hydras
  An ogre mage (D:15)
  A death knight (D:14)
  2 centaur warriors
  A catoblepas (Lair:5)
  Nergalle (Lair:2)
  The ghost of SteelNeuron the Spear-Bearer, a novice DrMo of Ieoh Jian (D:8)
  4 skeletal warriors (D:12)
  4 unseen horrors
  A wolf spider zombie (D:14)
  4 hill giants
  An orc knight (D:14)
  An orc sorcerer (D:15)
  11 ugly things
  2 deep elf magi
  A manticore (D:11)
  10 cyclopes
  Maurice (D:11)
  11 elephants
  2 naga magi (D:15)
  11 spiny frogs
  3 black mambas
  A yaktaur (shapeshifter) (D:15)
  3 rime drakes
  12 yaktaurs
  A kobold demonologist (D:14)
  6 komodo dragons
  2 efreet
  4 freezing wraiths
  9 trolls
  4 merfolk (Lair:3)
  3 two-headed ogres
  9 blink frogs
  3 hornets
  9 hippogriffs
  A hornet (shapeshifter) (D:15)
  25 dream sheep
  A vampire (D:15)
  2 wraiths
  2 shadows (D:15)
  48 yaks
  3 wyverns
  4 basilisks
  4 hungry ghosts
  8 vampire mosquitoes
  Edmund (D:4)
  3 nagas (Lair:3)
  15 water moccasins
  2 soldier ants (Lair:6)
  Duvessa (D:7)
  8 porcupines
  3 black bears
  A hell hound (Lair:6)
  16 orc warriors
  2 eyes of draining
  6 sky beasts
  A meliai simulacrum (D:15)
  21 ogres
  8 centaurs
  A phantom (D:14)
  12 wolves
  9 crocodiles
  5 big kobolds
  12 bullfrogs
  Blork the orc (D:4)
  Dowan (D:7)
  2 scorpions
  18 killer bees
  2 howler monkeys (D:4)
  5 crimson imps
  2 bullfrog zombies
  2 centaur zombies
  2 quasits
  A wyvern simulacrum (D:14)
  3 jellies
  8 orc priests
  A bullfrog skeleton (D:12)
  4 gnoll shamans (D:12)
  5 hounds
  3 centaur skeletons
  14 orc wizards
  4 iguanas
  10 worker ants
  2 howler monkey zombies
  A worker ant zombie (D:10)
  A howler monkey skeleton (D:5)
  15 adders
  10 gnolls
  A river rat (D:3)
  4 shadow imps
  3 adder skeletons
  A worm (D:2)
  4 dart slugs
  8 leopard geckos
  77 orcs
  2 ball pythons
  10 giant cockroaches
  11 hobgoblins
  13 jackals
  3 quokkas
  8 bats
  8 frilled lizards
  9 goblins
  A jackal skeleton (D:7)
  15 kobolds
  A leopard gecko skeleton (D:4)
  A leopard gecko zombie (D:6)
  A quokka skeleton (D:9)
  7 rats
682 creatures vanquished.

Vanquished Creatures (others)
  A rakshasa (D:15)
  4 fungi
  3 plants
8 creatures vanquished.

Grand Total: 690 creatures vanquished

Notes
Turn   | Place    | Note
-------+----------+-------------------------------------------
     0 | D:1      | Firecrotchwizard the Minotaur Fighter began the quest for the Orb.
     0 | D:1      | Reached XP level 1. HP: 19/19 MP: 0/0
   274 | D:1      | Reached XP level 2. HP: 25/27 MP: 1/1
   759 | D:1      | Reached XP level 3. HP: 33/33 MP: 2/2
   853 | D:2      | Found a blossoming altar of Fedhas.
  1128 | D:2      | Reached XP level 4. HP: 32/41 MP: 3/3
  1420 | D:2      | Found a sacrificial altar of Ru.
  1422 | D:2      | Found a white marble altar of Elyvilon.
  2079 | D:3      | Reached skill level 5 in Fighting
  2289 | D:3      | Reached XP level 5. HP: 34/48 MP: 4/4
  2593 | D:4      | Reached XP level 6. HP: 48/56 MP: 5/5
  2729 | D:4      | Reached skill level 5 in Maces & Flails
  2729 | D:4      | Reached skill level 5 in Shields
  2853 | D:4      | Found a shattered altar of Ashenzari.
  2958 | D:4      | Noticed a sky beast
  2960 | D:4      | Noticed Blork the orc
  2973 | D:4      | Killed Blork the orc
  2977 | D:4      | Killed a sky beast
  2977 | D:4      | Reached XP level 7. HP: 55/64 MP: 6/6
  3019 | D:4      | Gained mutation: You have an increased reservoir of magic. (+10% MP) [mutagenic meat]
  3020 | D:4      | Gained mutation: Your mind is acute. (Int +2) [mutagenic meat]
  3021 | D:4      | Gained mutation: Potions and wands are less effective at restoring your health. [mutagenic meat]
  3022 | D:4      | Lost mutation: Potions and wands are less effective at restoring your health. [mutagenic meat]
  3215 | D:4      | Noticed Edmund
  3239 | D:4      | Killed Edmund
  3239 | D:4      | Reached skill level 5 in Armour
  3295 | D:5      | Entered Level 5 of the Dungeon
  3633 | D:5      | Found a sacrificial altar of Ru.
  3639 | D:5      | Found a staircase to the Ecumenical Temple.
  3657 | Temple   | Entered the Ecumenical Temple
  3711 | Temple   | Became a worshipper of Warmaster Okawaru
  4590 | D:6      | Reached XP level 8. HP: 64/73 MP: 7/7
  4685 | D:6      | Found a radiant altar of Vehumet.
  4756 | D:6      | Reached * piety under Okawaru
  5443 | D:7      | Noticed Duvessa
  5448 | D:7      | Killed Duvessa
  5539 | D:7      | Noticed Dowan
  5544 | D:7      | Killed Dowan
  5550 | D:7      | Reached ** piety under Okawaru
  5550 | D:7      | Reached XP level 9. HP: 60/83 MP: 5/8
  5852 | D:7      | Got an ichor-stained dagger
  6009 | D:8      | Noticed SteelNeuron's ghost (novice DrMo)
  6027 | D:8      | Killed SteelNeuron's ghost
  6078 | D:8      | Reached skill level 10 in Fighting
  6292 | D:8      | Reached skill level 10 in Maces & Flails
  6535 | D:8      | Reached *** piety under Okawaru
  6866 | D:8      | Found a hazy altar of Hepliaklqana.
  6866 | D:8      | Found a burning altar of Makhleb.
  7034 | D:9      | Reached XP level 10. HP: 94/94 MP: 10/10
  7081 | D:9      | Found a staircase to the Orcish Mines.
  7900 | D:10     | Entered Level 10 of the Dungeon
  7943 | D:10     | Noticed a hill giant
  7950 | D:10     | Reached **** piety under Okawaru
  7955 | D:10     | Killed a hill giant
  8582 | D:10     | Got a pair of twisted boots
  8593 | D:10     | Identified the +0 pair of boots of Giah {rF+ MR+ Int+4} (You found it on level 10 of the Dungeon)
  8878 | D:11     | Reached ***** piety under Okawaru
  9020 | D:11     | Noticed Maurice
  9034 | D:11     | Killed Maurice
  9034 | D:11     | Reached XP level 11. HP: 103/104 MP: 11/11
  9060 | D:11     | Found a staircase to the Lair.
  9884 | Lair:1   | Entered Level 1 of the Lair of Beasts
 10775 | Lair:1   | Received a gift from Okawaru
 10784 | Lair:1   | Got a fine chain mail
 10795 | Lair:1   | Identified the +6 chain mail of Impressiveness {rPois Int+5} (You found it on level 1 of the Lair of Beasts)
 11255 | Lair:1   | Noticed a seven-headed hydra
 11263 | Lair:1   | Killed a seven-headed hydra
 11525 | Lair:2   | Reached skill level 10 in Armour
 11525 | Lair:2   | Reached skill level 10 in Shields
 11640 | Lair:2   | Reached XP level 12. HP: 26/116 MP: 12/12
 11935 | Lair:2   | Reached ****** piety under Okawaru
 12091 | Lair:2   | Received a gift from Okawaru
 12490 | Lair:2   | Noticed Nergalle
 12502 | Lair:2   | Killed Nergalle
 13172 | Lair:3   | Received a gift from Okawaru
 13172 | Lair:3   | Reached skill level 1 in Invocations
 13182 | Lair:3   | Got a crude hat {god gift}
 13188 | Lair:3   | Identified the +0 hat of the Ten Friends {rElec rF++ Dex-2} (Okawaru gifted it to you on level 3 of the Lair of Beasts)
 13296 | Lair:3   | Found a staircase to the Snake Pit.
 13414 | Lair:3   | Found a staircase to the Shoals.
 13894 | Lair:4   | Got a shimmering scale mail
 13905 | Lair:4   | Identified the +2 scale mail of Grot {rF+ rC+ Stlth+} (You found it on level 4 of the Lair of Beasts)
 14140 | Lair:4   | Noticed a four-headed hydra
 14150 | Lair:4   | Killed a four-headed hydra
 14375 | Lair:5   | Noticed a catoblepas
 14498 | D:12     | Reached XP level 13. HP: 116/125 MP: 15/15
 14604 | D:12     | Reached skill level 15 in Maces & Flails
 14746 | D:12     | Reached skill level 15 in Fighting
 15675 | D:13     | Received a gift from Okawaru
 16328 | D:14     | Got a distressingly furry leather armour
 16339 | D:14     | Identified the +3 leather armour "Zuysefirr" {rC+ Str+4} (You found it on level 14 of the Dungeon)
 16892 | D:14     | Found a gate to the Vaults.
 16955 | D:14     | Noticed Agnes
 16966 | D:14     | Killed Agnes
 16966 | D:14     | Received a gift from Okawaru
 16966 | D:14     | Reached skill level 5 in Invocations
 16966 | D:14     | Reached XP level 14. HP: 116/137 MP: 18/18
 17362 | D:14     | Identified the +6 dagger "Oroow" {pierce, *Corrode rElec Int+4 Dex+6} (You found it on level 7 of the Dungeon)
 17638 | Orc:1    | Entered Level 1 of the Orcish Mines
 17732 | Orc:2    | Entered Level 2 of the Orcish Mines
 17732 | Orc:2    | Noticed cerealjynx's ghost (journeyman MiGl)
 17748 | Orc:2    | Killed cerealjynx's ghost
 17771 | Orc:2    | Found Ajaa's Jewellery Shop.
 17912 | Orc:2    | Found Pynytzaf's Antique Weapon Shop.
 17996 | Orc:2    | Bought the ring "Intoxuj" {*Tele rPois Str+3 SInv} for 467 gold pieces
 18104 | Orc:2    | Noticed a stone giant
 18125 | Orc:2    | Killed a stone giant
 18133 | Orc:2    | Found Ypnie's General Store.
 18191 | Orc:2    | Found Nogaibb's Antique Armour Boutique.
 18197 | Orc:2    | Received a gift from Okawaru
 18215 | Orc:2    | Got a spiked cloak {god gift}
 18221 | Orc:2    | Identified the +1 cloak of the Curious Realms {rF+ MR+ Dex-2} (Okawaru gifted it to you on level 2 of the Orcish Mines)
 18226 | Orc:2    | Bought a pair of slimy boots for 342 gold pieces
 18238 | Orc:2    | Identified the cursed +0 pair of boots of a sewer {MR+ Str+4} (You bought it in a shop on level 2 of the Orcish Mines)
 18255 | Orc:2    | Found a staircase to the Elven Halls.
 18261 | Orc:2    | Noticed Donald
 18280 | Orc:2    | Killed Donald
 18864 | Orc:1    | Found a roughly hewn altar of Beogh.
 19193 | D:15     | Entered Level 15 of the Dungeon
 19747 | D:15     | Found a snail-covered altar of Cheibriados.
 19786 | D:15     | Paralysed by a hornet for 2 turns
 20254 | D:15     | Found a staircase to the Depths.
 20257 | D:15     | Received a gift from Okawaru
 20272 | D:15     | Reached XP level 15. HP: 130/147 MP: 20/20
 20589 | Lair:5   | Found a runed door.
 20589 | Lair:5   | Found a viscous altar of Jiyva.
 20589 | Lair:5   | Found a staircase to the Slime Pits.
 21324 | Lair:6   | Entered Level 6 of the Lair of Beasts
 21351 | Lair:6   | Noticed dracos369's ghost (journeyman DrGl)
 21380 | Lair:6   | Killed dracos369's ghost
 21894 | Lair:6   | HP: 4/149 [hell hound (9)]
 21896 | Lair:6   | Slain by a hell hound

Vault maps used:
D:1:      moated_graveyard_arrival
D:2:      nicolae_overflow_hidden_temple
D:3:      gup_sewer_entry_bowl, minmay_item_behind_shaft
D:4:      lemuel_doored_altar, first_bread, uniq_blork_the_orc, uniq_edmund
D:5:      kb_forest_paths, basic_altar
D:6:      vehumet_statue
D:7:      uniq_duvessa
D:8:      gammafunk_temple_overflow_wave
D:9:      orc_0_dummy
D:10:     kennysheep_six_static_rooms
D:11:     lair_entry_dummy, uniq_maurice
D:12:     kennysheep_seaside_town
D:14:     david_vaults_2, roderic_digamma_sauvastika, uniq_agnes
D:15:     grunt_enter_depths_magical_seal, roderic_lattice_a, basic_altar,
          hex_medium
Temple:   dshaligram_water_room_temple
Lair:1:   minivault_27, serial_bayou_pond_e, grunt_megastairs_4
Lair:2:   lab_entry_generic, disabler_island, uniq_nergalle
Lair:3:   elwin_shoals_entry_stream, minmay_snake_entry_guardpost_large,
          grunt_megastairs_3, lemuel_fruit_tree, infiniplex_staircase_pool
Lair:5:   slime_altar_2, grunt_megastairs_1
Lair:6:   cheibrodos_lair_end_hotspot, wad_woods_antlair
Orc:1:    basic_altar, uniq_erolcha, uniq_urug
Orc:2:    grunt_orc_gardens, grunt_orc_garden, grunt_orc_garden,
          grunt_orc_garden, grunt_orc_garden, uniq_donald

Skill      XL: |  1  2  3  4  5  6  7  8  9 10 11 12 13 14 15 |
---------------+----------------------------------------------+-----
Maces & Flails | 3 4 5 7 8 10 12 13 14 16 17 | 17.6
Shields        | 4 5 6 7 9 10 11 12 13 | 13.3
Fighting       | 4 5 6 7 9 10 12 13 14 16 17 | 17.8
Armour         | 4 5 6 7 8 10 11 12 13 | 13.3
Invocations    | 2 5 6 7 |  7.3

Action                   |  1- 3 |  4- 6 |  7- 9 | 10-12 | 13-15 || total
-------------------------+-------+-------+-------+-------+-------++-------
Melee: Flail             |    90 |   176 |   361 |   790 |  1246 ||  2663
       Headbutt          |    11 |    13 |    57 |   182 |   322 ||   585
Throw: Javelin           |       |     4 |     9 |       |     4 ||    17
       Throwing net      |       |     1 |       |       |       ||     1
Invok: Heroism           |       |       |     1 |     1 |     4 ||     6
       Finesse           |       |       |       |       |     3 ||     3
  Use: Scroll            |       |     1 |    14 |    10 |     8 ||    33
       Potion            |       |       |     1 |       |    13 ||    14
  Eat: Chunk             |       |     5 |    14 |     6 |    15 ||    40
       Fruit             |       |     2 |     1 |     3 |     4 ||    10
       Pizza             |       |       |     1 |     1 |     3 ||     5
       Beef jerky        |       |       |     2 |     1 |     3 ||     6
       Meat ration       |       |       |     1 |       |       ||     1
       Bread ration      |       |       |       |     1 |       ||     1
       Royal jelly       |       |       |       |     2 |       ||     2
Armor: Scale mail        |    37 |    80 |   103 |       |       ||   220
       Plate armour      |       |       |   100 |   171 |       ||   271
       Chain mail        |       |       |       |   178 |   541 ||   719
Dodge: Dodged            |    28 |    53 |    77 |   141 |   230 ||   529
Block: Shield            |    45 |    72 |   175 |   436 |   722 ||  1450
